 Dungeon Crawl Stone Soup version 0.26.0-10-g1f06aea511 (webtiles) character file.

Game seed: 3758952460134458279

12 inmateoo the Insei (level 2, -8/24 HPs)
             Began as a Vampire Chaos Knight on Jan 14, 2021.
             Mangled by a red devil
             ... wielding a +0 trident
             ... summoned by Xom
              (12 damage)
             ... on level 1 of the Dungeon.
             The game lasted 00:00:35 (380 turns).

inmateoo the Insei (Vampire Chaos Knight)            Turns: 380, Time: 00:00:36

Health: -8/24      AC:  5    Str: 11      XL:     2   Next: 20%
Magic:  2/2        EV: 12    Int: 14      God:
Gold:   54         SH:  0    Dex:  9 (13) Spells: 1/1 levels left

rFire    . . .     SeeInvis +     - Unarmed
rCold    . . .     Faith    .   (no shield)
rNeg     . . .     Spirit   .   a - +2 leather armour
rPois    .         Reflect  .   (no helmet)
rElec    .         Harm     .   (no cloak)
rCorr    .         Rampage  .   (no gloves)
Will     .....                  (no boots)
Stlth    +.........             (no amulet)
HPRegen  0.28/turn              (no ring)
MPRegen  0.08/turn              (no ring)

@: regenerating quickly
A: fangs 3, see invisible, unbreathing
a: Exsanguinate


You were on level 1 of the Dungeon.
You visited 1 branch of the dungeon, and saw 1 of its levels.

You collected 54 gold pieces.

Inventory:

Armour
 a - a +2 leather armour (worn)
Scrolls
 b - 2 scrolls of enchant weapon {unknown}
 c - a scroll of random uselessness {unknown}
 d - a scroll of identify {unknown}


   Skills:
 * Level 3.1 Fighting
 - Level 0.7 Armour
 + Level 2.3 Dodging
 + Level 3.5 Unarmed Combat


You had one spell level left.
You didn't know any spells.
Your spell library was empty.

Dungeon Overview and Level Annotations

Branches:
Dungeon (1/15)

Altars:


Innate Abilities, Weirdness & Mutations

Your natural rate of healing is unusually fast.
You have razor-sharp teeth.
You have supernaturally acute eyesight. (SInv)
You can survive without breathing.


Message History

The quasit claws you but does no damage.
The quasit completely misses you. The quasit bites you. The quasit misses you.
The quasit claws you but does no damage.
The red devil hits you from afar with a +0 trident.
* * * LOW HITPOINT WARNING * * *
Unknown command.
You hit the ynoxinul but do no damage.
You bite the ynoxinul, but do no damage.
You feel less confused. The crimson imp hits you.
* * * LOW HITPOINT WARNING * * *
The quasit bites you but does no damage.
The quasit claws you but does no damage. x2
The ynoxinul misses you. The quasit closely misses you.
The quasit claws you but does no damage. x2
The quasit barely misses you. x2; The quasit closely misses you.
An ufetubus opens the door.
The red devil hits you from afar with a +0 trident!
Ouch! That really hurt!
You die...

#.#.# .# #+## #.#.##.#
##...## # ......
##.....## #. #.†##
##.......## ###.
##...####.........#
....
#.......'.........+
....
#....####55554....#
≈≈≈≈ #.#.## ##55555....
≈≈≈≈ #.### ##@555.##
≈≈≈≈ #(# ##355## ≈≈≈≈
#># #'## .... #.# #.#
≈≈≈≈ ##.## ##### #.#
≈≈≈≈
##.#.####...###.#####..
≈≈≈≈
#.###.....#.........(..
≈≈≈≈
##.#.#.##.........#.##.
....
##.##.###.#.....##.#
##.#


You could see a ynoxinul (summoned), a red devil (summoned), 2 iron imps, 5
quasits, 2 crimson imps, a white imp (summoned), a shadow imp (summoned) and 3
ufetubi.

Vanquished Creatures
  3 bats (D:1)
  A goblin (D:1)
  A hobgoblin (D:1)
  2 jackals (D:1)
  A ball python (D:1)
  A frilled lizard (D:1)
  3 rats (D:1)
12 creatures vanquished.

Notes
Turn   | Place    | Note
-------+----------+-------------------------------------------
     0 | D:1      | inmateoo the Vampire Chaos Knight began the quest for the
                  | Orb.
     0 | D:1      | Reached XP level 1. HP: 17/17 MP: 1/1
     0 | D:1      | Fell from the grace of Xom
   203 | D:1      | Reached XP level 2. HP: 16/24 MP: 2/2
   372 | D:1      | XOM: summons 13 hostile demons
   373 | D:1      | Noticed a ynoxinul
   373 | D:1      | Noticed a red devil
   373 | D:1      | Noticed a crimson imp
   373 | D:1      | Noticed a crimson imp
   380 | D:1      | Mangled by a red devil

Illustrated notes

Levels and vault maps discovered:
D:1:      giann_bridges, layout_loops_corners

Skill      XL: |  1 |
---------------+----+-----
Fighting       | 3 |  3.1
Armour         | |  0.7
Dodging        | |  2.3
Unarmed Combat | |  3.5

Action                   || total
-------------------------++-------
Melee: Unarmed           ||    48
       Bite              ||     2
       Punch             ||     1
Invok: Renounce Religion ||     1
Armor: Leather armour    ||    55
Dodge: Dodged            ||    72
